 Dungeon Crawl Stone Soup version 0.19.1 (webtiles) character file.

288778 lorenzova the Eclecticist (level 20, -13/117 HPs)
             Began as a Deep Elf Conjurer on Dec 7, 2016.
             Was the Champion of Vehumet.
             Hit by a javelin of returning thrown by a merfolk javelineer (15 damage)
             ... on level 4 of the Shoals on Dec 8, 2016.
             The game lasted 03:30:37 (52755 turns).

lorenzova the Eclecticist (Deep Elf Conjurer)      Turns: 52755, Time: 03:30:38

Health: -13/117    AC: 18    Str: 14    XL:     20   Next: 24%
Magic:  15/46      EV: 18    Int: 33    God:    Vehumet [******]
Gold:   2554       SH: 15    Dex: 15    Spells: 11 memorised, 9 levels left

rFire  + . .     SeeInvis .     J - staff of conjuration
rCold  + . .     Gourm    .     C - +3 leather armour
rNeg   . . .     Faith    .     k - +2 shield of Resistance {rF+ rC+ MR+}
rPois  .         Spirit   .     m - +2 helmet {Int+3}
rElec  .         Reflect  .     v - +1 cloak
rCorr  .         Harm     .     R - +2 pair of gloves {Str+3}
MR     ++++.                    h - +0 pair of boots
Stlth  ++++......               w - amulet of magic regeneration
                                I - ring of Dogeps {Wiz Str+6 Slay+2}
                                x - ring of protection from magic

@: very slightly contaminated
A: claws 1, fangs 1, blink
a: Blink, Renounce Religion
}: 1/15 runes: serpentine


You were on level 4 of the Shoals.
You worshipped Vehumet.
Vehumet was exalted by your worship.
You were not hungry.

You visited 6 branches of the dungeon, and saw 34 of its levels.

You collected 5027 gold pieces.
You spent 2473 gold pieces at shops.

Inventory:

Armour
 h - a +0 pair of boots (worn)
 j - a +1 leather armour of fire resistance
 k - the +2 shield of Resistance (worn) {rF+ rC+ MR+}
   (You found it on level 13 of the Dungeon)

   It protects you from fire.
   It protects you from cold.
   It affects your resistance to hostile enchantments.
 m - a +2 helmet of intelligence (worn)
 v - a +1 cloak (worn)
 C - a +3 leather armour (worn)
 R - a +2 pair of gloves of strength (worn)
Magical Staves
 J - an uncursed staff of conjuration (weapon)
Jewellery
 b - an uncursed ring of fire
 w - an amulet of magic regeneration (around neck)
 x - a ring of protection from magic (left hand)
 F - an uncursed ring of protection from magic
 I - the ring of Dogeps (right hand) {Wiz Str+6 Slay+2}
   (You took it off a deep elf annihilator on level 3 of the Elven Halls)

   [ring of wizardry]

   It improves your spell success rate.
   It affects your strength (+6).
   It affects your accuracy and damage with ranged weapons and melee attacks
   (+2).
 K - an uncursed ring of protection from cold
 U - a +5 ring of intelligence
Wands
 O - a wand of teleportation (3/9)
 X - a wand of digging (8/24)
Scrolls
 d - 7 scrolls of teleportation
 e - 4 scrolls of enchant armour
 g - 2 scrolls of amnesia
 n - 11 scrolls of remove curse
 o - 2 scrolls of recharging
 p - a scroll of summoning
 t - a scroll of identify
 u - 2 scrolls of enchant weapon
 y - 3 scrolls of blinking
 D - 3 scrolls of fear
 E - a scroll of silence
 H - 6 scrolls of magic mapping
 P - 2 scrolls of fog
Potions
 a - 3 potions of ambrosia
 f - 3 potions of flight
 i - 3 potions of agility
 l - 5 potions of haste
 r - 7 potions of heal wounds
 s - 12 potions of curing
 z - 6 potions of cancellation
 A - 6 potions of lignification
 B - 5 potions of magic
 N - 4 potions of cure mutation
 Q - 2 potions of berserk rage
 S - 4 potions of brilliance
 T - 3 potions of invisibility
 Y - 2 potions of might
 Z - 2 potions of resistance
Books
 q - a book of Flames

   Spells                             Type                      Level
   a - Flame Tongue                   Conjuration/Fire             1
   b - Throw Flame                    Conjuration/Fire             2
   c - Conjure Flame                  Conjuration/Fire             3
   d - Inner Flame                    Hexes/Fire                   3
   e - Sticky Flame                   Conjuration/Fire             4
   f - Fireball                       Conjuration/Fire             5
Comestibles
 c - 11 bread rations
 G - a slice of pizza
 L - a fruit


   Skills:
 - Level 10.0 Fighting
 - Level 10.0 Armour
 - Level 10.0 Dodging
 - Level 9.6 Stealth
 - Level 15.0 Shields
 * Level 20.0 Spellcasting
 + Level 15.4 Conjurations
 - Level 13.0 Charms
 - Level 7.0 Translocations
 * Level 7.5 Fire Magic
 - Level 9.6 Ice Magic
 - Level 10.8 Air Magic


You had 9 spell levels left.
You knew the following spells:

 Your Spells              Type           Power        Failure   Level  Hunger
a - Magic Dart            Conj           ####         0%          1    None
b - Iskenderun's Battles  Conj/Chrm      ########     1%          5    None
c - Iskenderun's Mystic   Conj           ########     1%          4    None
d - Freezing Cloud        Conj/Ice/Air   ########..   1%          6    None
g - Swiftness             Chrm/Air       #######.     0%          2    None
h - Deflect Missiles      Chrm/Air       #######...   1%          6    None
l - Chain Lightning       Conj/Air       ########..   4%          8    ####...
m - Bolt of Fire          Conj/Fire      ########..   1%          6    None
n - Bolt of Cold          Conj/Ice       ########..   1%          6    None
o - Passage of Golubria   Tloc           N/A          1%          4    None
p - Blink                 Tloc           N/A          1%          2    None


Dungeon Overview and Level Annotations

Branches:
Dungeon (15/15)            Temple (0/1) D:6            Lair (6/6) D:9
 Shoals (4/4) Lair:3        Snake (4/4) Lair:3        Slime (0/5) Lair:6
    Orc (2/2) D:10            Elf (3/3) Orc:2        Vaults (0/5) D:14
 Depths (0/5) D:15

Altars:
Cheibriados
Dithmenos
Gozag
Hepliaklqana
Okawaru
Qazlal
Uskayaw
Vehumet
Xom
Beogh
Jiyva

Shops:
D:9 (   D:11 *   Orc:1 *   Orc:2 *(([   Snake:3 [*!

Portals:
Trove: D:15 (give +2 gold dragon scales)

Annotations:
D:4 Edmund
D:7 exclusion: door
D:13 1 runed door
Elf:2 5 runed doors


Innate Abilities, Weirdness & Mutations

You have sharp fingernails.
You have very sharp teeth.
You can translocate small distances at will.


Message History

* * * LOW HITPOINT WARNING * * *
The lightning arc hits the manticore.
You kill the manticore!
Vehumet accepts your kill.
You feel your power returning. The lightning arc hits you!
The lightning arc hits the merfolk javelineer.
The merfolk javelineer is severely wounded.
You hear a shout! x2
The merfolk javelineer throws a javelin of returning.
The javelin of returning hits you!!
* * * LOW HITPOINT WARNING * * *
The weapon returns to the merfolk javelineer!
Unknown command.
The wind drake flaps its wings at you. The air twists around and strikes you!
* * * LOW HITPOINT WARNING * * *
The faun shoots a stone.
The stone misses you.
The merfolk javelineer throws a javelin of returning.
The javelin of returning hits you!
You die...

≈*≈,,,,,,,,,,,,*,,,,,*≈≈≈≈≈,,,,,,
*≈,,,,,,,,.(...#*,,,*#≈≈≈≈≈≈,,,,,
,,,,,,,,**#m....#####cc≈≈≈≈≈≈,,,,
,,,,,,,,*##..m.....m.c.c≈≈≈≈≈,,,,
,,,,,,,,*#....[.÷[.ccc(≈,≈≈≈≈,***
,,,,,,,,,....[..†..))..(≈≈≈≈≈**,,
,,,,,,,,,....≈)H...=...(,,,,≈*,,,
,,,,,,,,,.....))).≈..≈.(,,,,≈*,,,
,,,,,,,,,..(≈m..@†(.k(..,,,,,*,,,
,,,,,<,,,......(.).≈≈...,,,,,**,,
**,,,,,,,....((....≈≈...,,,,,,***
,**,,,,,,....(...≈≈†≈...,,,,,,,≈≈
,,*,,,,,,...(...≈≈≈≈≈≈..,,,,,,,≈≈
,,*,,,,,,≈≈≈≈...≈≈≈≈≈###**,,,,≈≈≈
,,*,,,,,≈≈≈≈≈≈≈≈≈≈≈≈##,,,**,,,≈≈≈
,**,,,≈≈≈≈≈≈≈≈≈≈≈≈≈≈#,,,,,*,,,≈≈≈
**≈≈≈≈≈≈≈≈≈≈≈≈≈≈≈≈≈≈*,,,,,+,,≈≈≈≈


You could see a merfolk avatar, a merfolk javelineer, 2 satyrs, a wind drake, a
merfolk, 5 fauns, a manticore and a siren.

Vanquished Creatures
  Mara (Snake:4)
  Vashnia (Snake:2)
  2 deep elf master archers (Elf:3)
  2 deep elf blademasters
  Polyphemus (Shoals:2)
  Gastronok (D:8)
  Donald (Snake:2)
  13 nagarajas
  Kirke (Lair:5)
  2 orc warlords
  A fire giant (D:15)
  2 deep elf sorcerers (Elf:3)
  Aizul (Elf:1)
  The ghost of Azzok the Unseen, an adept SpEn of Dithmenos (Snake:4)
  Louise (Elf:1)
  6 deep elf elementalists (Elf:3)
  5 deep elf demonologists (Elf:3)
  Nessos (D:15)
  9 deep elf annihilators
  5 deep elf death magi (Elf:3)
  A merfolk javelineer (Shoals:4)
  7 merfolk impalers
  2 fire dragons (D:13)
  Snorg (D:11)
  A deep elf high priest (Elf:3)
  Fannar (Lair:2)
  The ghost of markt42 the Severer, a journeyman HOFi of Okawaru (D:9)
  5 vault guards
  20 naga warriors
  A hydra (Lair:6)
  2 ice dragons (D:13)
  Erolcha (D:12)
  2 catoblepae
  A merfolk avatar (Shoals:2)
  21 anacondas
  4 centaur warriors
  2 satyrs
  2 alligator snapping turtles
  Urug (Lair:3)
  3 tengu warriors
  6 death yaks
  21 naga sharpshooters
  2 orc high priests (Orc:2)
  7 deep elf knights
  10 dancing weapons
  13 shock serpents
  Nergalle (D:12)
  8 sea snakes
  6 salamander mystics
  5 skeletal warriors (D:15)
  10 deep elf archers
  3 unseen horrors
  A wizard (D:14)
  4 lindwurms (Snake:4)
  5 naga ritualists
  Pikel (D:5)
  8 hill giants
  A wolf spider zombie (D:15)
  14 harpies
  2 orc knights
  12 salamanders
  A wolf spider (Lair:6)
  12 ugly things
  14 manticores
  22 mana vipers
  45 deep elf magi
  4 orc sorcerers
  8 elephants
  16 cyclopes
  12 fauns
  11 guardian serpents
  8 sirens
  A centaur zombie (D:13)
  4 water nymphs
  50 black mambas
  26 naga magi
  The ghost of Philosophy the Shield-Bearer, a novice FoFi of Okawaru (D:5)
  18 spiny frogs
  3 gargoyles
  Psyche (D:12)
  3 rime drakes
  A freezing wraith (D:15)
  9 komodo dragons
  2 efreet (D:15)
  A tengu conjurer (D:14)
  5 trolls
  5 harpy zombies (Shoals:4)
  5 hornets
  A wind drake (shapeshifter) (Elf:3)
  22 merfolk
  3 wind drakes
  3 two-headed ogres
  Prince Ribbit (D:7)
  9 blink frogs
  11 dream sheep
  17 hippogriffs
  11 slime creatures (D:13)
  5 snapping turtles
  2 redbacks (Lair:6)
  A vampire (D:12)
  A shadow (D:14)
  A spriggan (D:9)
  5 water elementals
  A wraith (D:15)
  5 air elementals
  A fire elemental (Elf:1)
  3 basilisks
  46 yaks
  7 wyverns
  A human (D:14)
  5 hungry ghosts
  A mottled dragon (shapeshifter) (Elf:3)
  A harpy simulacrum (D:15)
  A naga (shapeshifter) (Elf:2)
  52 nagas
  21 water moccasins
  4 wargs
  12 porcupines
  A floating eye (shapeshifter) (Elf:2)
  A black bear (D:6)
  4 slaves (D:5)
  43 orc warriors
  4 sky beasts
  A hornet zombie (D:6)
  3 eyes of draining
  7 ice beasts
  3 phantoms
  20 centaurs
  11 ogres
  15 wolves
  13 crocodiles
  A hippogriff zombie (Shoals:4)
  18 bullfrogs
  A big kobold (D:10)
  A wyvern skeleton (D:13)
  An earth elemental (Elf:3)
  3 scorpions
  34 killer bees
  21 wights
  2 howler monkeys
  5 electric eels
  7 crimson imps
  2 quasits
  5 centaur skeletons
  2 hounds
  24 orc priests
  33 orc wizards
  Crazy Yiuf (D:5)
  A gnoll shaman (D:7)
  6 jellies
  4 bullfrog skeletons
  11 iguanas
  13 worker ants
  A killer bee zombie (D:7)
  A hound skeleton (D:7)
  A hound zombie (D:8)
  3 worker ant zombies
  22 gnolls
  25 adders
  2 shadow imps
  3 adder skeletons
  7 worms
  2 dart slugs
  6 leopard geckos
  113 orcs
  3 ball pythons
  7 giant cockroaches
  10 goblins
  4 hobgoblins
  4 quokkas
  4 bats
  4 frilled lizards
  10 kobolds
  9 rats
  9 fungi
  9 plants
1399 creatures vanquished.

Vanquished Creatures (others)
  3 humans (Lair:5)
  A crocodile (Lair:5)
  A hound (D:9)
  An adder (D:9)
  7 fungi
  36 plants
49 creatures vanquished.

Grand Total: 1448 creatures vanquished

Notes
Turn   | Place    | Note
-------+----------+-------------------------------------------
     0 | D:1      | lorenzova the Deep Elf Conjurer began the quest for the Orb.
     0 | D:1      | Reached XP level 1. HP: 10/10 MP: 6/6
   444 | D:1      | Reached XP level 2. HP: 15/15 MP: 4/8
  1172 | D:2      | Reached skill level 4 in Spellcasting
  1172 | D:2      | Reached XP level 3. HP: 19/19 MP: 2/10
  1192 | D:1      | Reached skill level 5 in Conjurations
  1462 | D:2      | Found a radiant altar of Vehumet.
  1534 | D:2      | Became a worshipper of Vehumet
  1683 | D:2      | Reached XP level 4. HP: 24/24 MP: 6/12
  1731 | D:2      | Learned a level 4 spell: Iskenderun's Mystic Blast
  2152 | D:2      | Reached skill level 5 in Spellcasting
  2797 | D:2      | Reached * piety under Vehumet
  2797 | D:2      | Offered knowledge of Shock by Vehumet.
  3271 | D:3      | Found a faded altar of an unknown god.
  3460 | D:3      | Reached XP level 5. HP: 28/28 MP: 11/15
  3831 | D:4      | Reached skill level 6 in Spellcasting
  3831 | D:4      | Reached XP level 6. HP: 27/32 MP: 10/17
  3878 | D:4      | Learned a level 5 spell: Iskenderun's Battlesphere
  3953 | D:4      | Reached skill level 1 in Charms
  4043 | D:4      | Found a stormy altar of Qazlal.
  4056 | D:4      | Got a twisted whip
  4057 | D:4      | Identified the +7 whip "Acib Byff" {antimagic, rN+ Str+4 Int-4} (You found it on level 4 of the Dungeon)
  4122 | D:4      | Noticed Edmund
  4536 | D:4      | Offered knowledge of Flame Tongue by Vehumet.
  4536 | D:4      | Reached skill level 7 in Spellcasting
  4991 | D:4      | diamond obelisk
  5019 | D:4      | Reached XP level 7. HP: 36/36 MP: 11/19
  5079 | D:5      | Entered Level 5 of the Dungeon
  5182 | D:5      | Noticed Philosophy's ghost (novice FoFi)
  5417 | D:5      | Found a runed door.
  5584 | D:5      | Found a snail-covered altar of Cheibriados.
  6110 | D:5      | Noticed Pikel
  6152 | D:5      | Killed Pikel
  6152 | D:5      | Reached skill level 8 in Spellcasting
  6152 | D:5      | Reached XP level 8. HP: 37/41 MP: 0/22
  6350 | D:5      | Reached ** piety under Vehumet
  6862 | D:5      | Noticed Crazy Yiuf
  6864 | D:5      | Killed Crazy Yiuf
  7143 | D:6      | Reached skill level 9 in Spellcasting
  7364 | D:6      | Reached skill level 5 in Charms
  7673 | D:6      | Found a stormy altar of Qazlal.
  7675 | D:6      | Found a hide-covered altar of Uskayaw.
  7744 | D:6      | Reached skill level 10 in Spellcasting
  7979 | D:6      | Reached XP level 9. HP: 45/45 MP: 17/25
  8016 | D:6      | Found a staircase to the Ecumenical Temple.
  8024 | D:6      | Offered knowledge of Conjure Flame by Vehumet.
  8612 | D:7      | Reached skill level 10 in Conjurations
  8638 | D:7      | Reached *** piety under Vehumet
  8701 | D:7      | Reached skill level 11 in Spellcasting
  8839 | D:7      | Found a snail-covered altar of Cheibriados.
  8840 | D:7      | Found an opulent altar of Gozag.
  8981 | D:7      | Found a shadowy altar of Dithmenos.
  9091 | D:7      | Noticed Prince Ribbit
  9095 | D:7      | Killed Prince Ribbit
  9217 | D:7      | Offered knowledge of Force Lance by Vehumet.
  9735 | D:8      | Found a hazy altar of Hepliaklqana.
  9875 | D:8      | Noticed Gastronok
 10005 | D:8      | Reached skill level 12 in Spellcasting
 10048 | D:8      | Reached XP level 10. HP: 50/50 MP: 22/28
 10076 | D:8      | Identified Sif Muna's Compendium of the Dislocated Frostbite
 10087 | D:8      | Learned a level 6 spell: Bolt of Cold
 10090 | D:8      | Learned a level 2 spell: Blink
 10356 | D:8      | Killed Gastronok
 10356 | D:8      | Reached skill level 13 in Spellcasting
 10606 | D:8      | Reached **** piety under Vehumet
 10642 | D:8      | Offered knowledge of Irradiate by Vehumet.
 10834 | D:9      | Found a shimmering altar of Xom.
 10839 | D:9      | Reached skill level 1 in Ice Magic
 11171 | D:9      | Noticed markt42's ghost (journeyman HOFi)
 11436 | D:9      | Reached XP level 11. HP: 54/54 MP: 24/30
 11463 | D:9      | Found a staircase to the Lair.
 11485 | D:9      | Found Gimmah's Antique Weapon Shoppe.
 11591 | D:9      | Reached ***** piety under Vehumet
 11613 | D:9      | Offered knowledge of Venom Bolt by Vehumet.
 11655 | D:9      | Reached skill level 5 in Stealth
 11792 | D:9      | Killed markt42's ghost
 12144 | D:10     | Entered Level 10 of the Dungeon
 12175 | D:10     | Noticed a hill giant
 12180 | D:10     | Killed a hill giant
 12237 | D:10     | Found an iron altar of Okawaru.
 12399 | D:10     | Found a staircase to the Orcish Mines.
 12520 | D:10     | Reached skill level 5 in Ice Magic
 12788 | D:10     | Reached skill level 14 in Spellcasting
 13326 | D:11     | Found Hiuc's Assorted Antiques.
 13335 | D:11     | Bought a runed helmet for 189 gold pieces
 13464 | D:11     | Noticed Snorg
 13473 | D:11     | Killed Snorg
 13802 | D:11     | Noticed a hill giant
 13804 | D:11     | Killed a hill giant
 13915 | D:11     | Reached XP level 12. HP: 59/59 MP: 5/32
 14459 | Lair:1   | Entered Level 1 of the Lair of Beasts
 15168 | Lair:1   | Reached skill level 1 in Fighting
 15168 | Lair:1   | Reached skill level 1 in Armour
 15352 | Lair:2   | Offered knowledge of Poisonous Cloud by Vehumet.
 15358 | Lair:2   | Noticed Fannar
 15383 | Lair:2   | Killed Fannar
 15515 | Lair:2   | Got a dazzling hand axe
 15516 | Lair:2   | Identified the +5 hand axe of Drought {speed, rPois Str+5 Int-2} (You found it on level 2 of the Lair of Beasts)
 16249 | Lair:3   | Noticed Urug
 16254 | Lair:3   | Killed Urug
 16254 | Lair:3   | Reached skill level 5 in Dodging
 16535 | Lair:3   | Found a staircase to the Snake Pit.
 16733 | Lair:3   | Reached XP level 13. HP: 72/72 MP: 15/33
 16931 | Lair:3   | Reached skill level 5 in Fighting
 16932 | Lair:3   | Reached skill level 5 in Armour
 17217 | Lair:3   | Found a staircase to the Shoals.
 17364 | Lair:3   | Learned a level 6 spell: Freezing Cloud
 17806 | Lair:1   | Learned a level 2 spell: Swiftness
 17811 | Lair:1   | Learned a level 4 spell: Passage of Golubria
 17950 | Lair:4   | Reached skill level 1 in Translocations
 18898 | Lair:5   | Noticed Kirke
 18903 | Lair:5   | Killed Kirke
 19701 | Lair:6   | Entered Level 6 of the Lair of Beasts
 19706 | Lair:6   | Found a viscous altar of Jiyva.
 19707 | Lair:6   | Found a staircase to the Slime Pits.
 20095 | Lair:6   | Offered knowledge of Conjure Ball Lightning by Vehumet.
 20387 | Lair:6   | Reached ****** piety under Vehumet
 20466 | Lair:6   | Reached XP level 14. HP: 51/82 MP: 28/34
 20699 | Lair:6   | Got a transparent robe
 20710 | Lair:6   | Identified the +1 robe of Jozallur {Stlth+} (You found it on level 6 of the Lair of Beasts)
 21605 | Orc:1    | Entered Level 1 of the Orcish Mines
 21736 | Orc:1    | Found Stwoex's Superlative Supplies.
 22170 | Orc:2    | Entered Level 2 of the Orcish Mines
 22170 | Orc:2    | Found a staircase to the Elven Halls.
 22224 | Orc:2    | Reached skill level 5 in Translocations
 22301 | Orc:2    | Found a roughly hewn altar of Beogh.
 22326 | Orc:2    | Found a roughly hewn altar of Beogh.
 22377 | Orc:2    | Found Roopunar's General Store.
 22389 | Orc:2    | Bought a scroll of teleportation for 39 gold pieces
 22389 | Orc:2    | Bought a potion of heal wounds for 65 gold pieces
 22445 | Orc:2    | Offered knowledge of Poison Arrow by Vehumet.
 22673 | Orc:2    | Found a roughly hewn altar of Beogh.
 22698 | Orc:2    | Found Ujiqifid's Antique Weapon Shop.
 23070 | Orc:2    | Noticed an orc warlord
 23075 | Orc:2    | Killed an orc warlord
 23270 | Orc:2    | Found Zegiett's Antique Weapon Shoppe.
 23271 | Orc:2    | Found a roughly hewn altar of Beogh.
 23273 | Orc:2    | Found Jeingi's Antique Armour Emporium.
 23310 | Orc:2    | Found a roughly hewn altar of Beogh.
 23331 | Orc:2    | Found a shimmering altar of Xom.
 23429 | Orc:2    | Bought a runed ring mail for 310 gold pieces
 23429 | Orc:2    | Bought a runed buckler for 325 gold pieces
 23532 | Orc:2    | Found a roughly hewn altar of Beogh.
 23883 | Snake:1  | Entered Level 1 of the Snake Pit
 24955 | Snake:1  | Got a twitching turquoise ring
 25414 | Snake:1  | Offered knowledge of Spellforged Servitor by Vehumet.
 25439 | Snake:1  | Reached XP level 15. HP: 62/90 MP: 6/35
 26040 | Snake:2  | Noticed Vashnia
 26832 | Snake:2  | Noticed a nagaraja
 26841 | Snake:2  | Reached skill level 10 in Fighting
 26905 | Snake:2  | Noticed Donald
 27179 | Snake:1  | Reached skill level 10 in Armour
 27633 | Snake:1  | Reached skill level 10 in Dodging
 27776 | Snake:1  | Reached skill level 1 in Shields
 28069 | Snake:2  | Killed Donald
 28107 | Snake:2  | Noticed a nagaraja
 28110 | Snake:2  | Killed a nagaraja
 28142 | Snake:2  | Killed a nagaraja
 28142 | Snake:2  | Reached skill level 1 in Air Magic
 28373 | Snake:2  | Reached skill level 10 in Charms
 28382 | Snake:2  | Noticed a nagaraja
 28385 | Snake:2  | Killed a nagaraja
 28470 | Snake:2  | Learned a level 7 spell: Orb of Destruction
 28587 | Snake:2  | Reached skill level 15 in Spellcasting
 28921 | Snake:2  | Identified the ring of Trog's Envy {rPois rC+ MR+ Int-4 Dex+5} (You took it off a naga mage on level 1 of the Snake Pit)
 28970 | Snake:2  | Killed Vashnia
 29096 | Snake:2  | Noticed a nagaraja
 29102 | Snake:2  | Killed a nagaraja
 29200 | Snake:2  | Identified Qebeur's Grimoire of Beguiling
 29231 | Snake:2  | Reached XP level 16. HP: 97/97 MP: 24/37
 30252 | Snake:3  | Offered knowledge of Delayed Fireball by Vehumet.
 30551 | Snake:3  | Found Cujay's Antique Armour Boutique.
 30553 | Snake:3  | Found Kirybric's Assorted Antiques.
 30555 | Snake:3  | Found Diment Zoigi's Distillery.
 31055 | Snake:3  | Identified 2 scrolls of acquirement
 31055 | Snake:3  | Identified Utuanwao's Incunabulum of Sinister Augmentations (You acquired it on level 3 of the Snake Pit)
 31067 | Snake:3  | Learned a level 6 spell: Deflect Missiles
 31370 | Orc:1    | Bought a manual of Shields for 1545 gold pieces
 31689 | Lair:1   | Gained mutation: You have sharp fingernails. [potion of beneficial mutation]
 31690 | Lair:1   | Gained mutation: You have very sharp teeth. [potion of beneficial mutation]
 32192 | Snake:4  | Entered Level 4 of the Snake Pit
 32254 | Snake:4  | Reached skill level 5 in Air Magic
 32998 | Snake:4  | Noticed Mara
 32999 | Snake:4  | Noticed lorenzova's illusion
 33003 | Snake:4  | Killed Mara
 33824 | Snake:4  | Noticed Azzok's ghost (adept SpEn)
 33871 | Snake:4  | Killed Azzok's ghost
 33871 | Snake:4  | Offered knowledge of Bolt of Fire by Vehumet.
 33885 | Snake:4  | Learned a level 6 spell: Bolt of Fire
 34096 | Snake:4  | Reached skill level 5 in Shields
 34224 | Snake:4  | Reached skill level 1 in Fire Magic
 34280 | Snake:4  | Reached XP level 17. HP: 102/102 MP: 27/38
 34562 | Snake:4  | Reached skill level 16 in Spellcasting
 36150 | Snake:4  | Reached skill level 5 in Fire Magic
 36256 | Snake:4  | Offered knowledge of Lehudib's Crystal Spear by Vehumet.
 36256 | Snake:4  | Offered knowledge of Fire Storm by Vehumet.
 36256 | Snake:4  | Offered knowledge of Chain Lightning by Vehumet.
 36256 | Snake:4  | Reached skill level 10 in Shields
 36741 | Snake:4  | Got a serpentine rune of Zot
 37276 | Elf:1    | Entered Level 1 of the Elven Halls
 37282 | Elf:1    | Noticed Aizul
 37286 | Elf:1    | Killed Aizul
 37287 | Elf:1    | Noticed Louise
 37287 | Elf:1    | Reached skill level 17 in Spellcasting
 37295 | Elf:1    | Killed Louise
 37501 | Elf:1    | Found a shimmering altar of Xom.
 37745 | Elf:1    | Identified Juwi Eczo's Catalogue of Blows and Bruises
 38046 | Elf:1    | Reached XP level 18. HP: 107/107 MP: 32/41
 38402 | Elf:2    | Paralysed by a floating eye for 4 turns
 38952 | Elf:2    | Found a huge runed gate.
 38952 | Elf:2    | Found a huge runed gate.
 38952 | Elf:2    | Found a huge runed gate.
 38977 | Elf:2    | Found a huge runed gate.
 38978 | Elf:2    | Found a huge runed gate.
 39168 | Elf:3    | Entered Level 3 of the Elven Halls
 39500 | D:12     | Noticed Psyche
 39501 | D:12     | Killed Psyche
 39639 | D:12     | Noticed Erolcha
 39642 | D:12     | Killed Erolcha
 40656 | D:12     | Noticed Nergalle
 40659 | D:12     | Killed Nergalle
 41210 | D:13     | Found a runed door.
 41210 | D:13     | Found a runed door.
 41912 | D:14     | Found an opulent altar of Gozag.
 42231 | D:14     | Gained mutation: You can translocate small distances at will. [potion of beneficial mutation]
 42612 | D:14     | Found a gate to the Vaults.
 42864 | D:15     | Entered Level 15 of the Dungeon
 42908 | D:15     | Found a staircase to the Depths.
 42986 | D:15     | Found a portal to a secret trove of treasure.
 43257 | D:15     | Noticed Nessos
 43258 | D:15     | Killed Nessos
 45199 | D:5      | Killed Philosophy's ghost
 45563 | Elf:2    | Reached XP level 19. HP: 39/112 MP: 3/42
 47213 | Elf:3    | Reached skill level 15 in Shields
 47440 | Elf:3    | Got a coiled bronze ring
 47505 | Elf:3    | Identified the ring of Dogeps {Wiz Str+6 Slay+2} (You took it off a deep elf annihilator on level 3 of the Elven Halls)
 47575 | Elf:3    | Reached skill level 10 in Air Magic
 47662 | Elf:3    | Reached skill level 18 in Spellcasting
 48385 | Elf:3    | Identified the Compendium of Snow
 48602 | Elf:3    | Identified Sif Muna's Catalogue of the Traveller
 48940 | Lair:1   | Learned a level 8 spell: Chain Lightning
 49086 | Shoals:1 | Entered Level 1 of the Shoals
 49772 | Shoals:1 | Got a steaming hat
 49783 | Shoals:1 | Identified the -7 hat of Action {+Blink} (You acquired it on level 1 of the Shoals)
 50666 | Shoals:2 | Reached skill level 19 in Spellcasting
 50689 | Shoals:2 | Reached skill level 15 in Conjurations
 50973 | Shoals:2 | Noticed Polyphemus
 50981 | Shoals:2 | Killed Polyphemus
 51691 | Shoals:3 | Reached XP level 20. HP: 117/117 MP: 31/45
 52356 | Shoals:4 | Entered Level 4 of the Shoals
 52754 | Shoals:4 | Reached skill level 20 in Spellcasting
 52754 | Shoals:4 | HP: 5/117 [merfolk javelineer/javelin of returning (30)]
 52755 | Shoals:4 | HP: 2/117 [wind drake/the air (4)]
 52755 | Shoals:4 | Hit by a javelin of returning thrown by a merfolk javelineer

Skill      XL: |  1  2  3  4  5  6  7  8  9 10 11 12 13 14 15 16 17 18 19 20 |
---------------+-------------------------------------------------------------+-----
Spellcasting   | 4 5 6 7 8 10 12 13 14 15 17 19 20 | 20.0
Conjurations   | 5 6 7 8 9 11 12 13 14 15 | 15.4
Charms         | 2 4 6 8 9 10 13 | 13.0
Stealth        | 4 8 9 |  9.6
Ice Magic      | 2 7 8 9 |  9.6
Fighting       | 4 7 9 10 | 10.0
Armour         | 4 7 9 10 | 10.0
Dodging        | 5 7 9 10 | 10.0
Translocations | 4 6 7 |  7.0
Shields        | 4 5 11 13 15 | 15.0
Air Magic      | 3 8 9 10 | 10.8
Fire Magic     | 1 5 6 7 |  7.5

Action                   |  1- 3 |  4- 6 |  7- 9 | 10-12 | 13-15 | 16-18 | 19-21 || total
-------------------------+-------+-------+-------+-------+-------+-------+-------++-------
Melee: Unarmed           |       |     6 |       |       |       |       |       ||     6
       Hand axe          |       |       |     6 |    36 |     3 |       |       ||    45
       Staff             |       |       |       |       |     2 |     3 |     1 ||     6
 Cast: Magic Dart        |    65 |   167 |   257 |   325 |   490 |   372 |   121 ||  1797
       Iskenderun's Myst |       |     8 |    27 |   104 |   103 |    84 |    33 ||   359
       Iskenderun's Batt |       |       |    25 |    77 |   131 |   128 |    61 ||   422
       Bolt of Cold      |       |       |       |    13 |   153 |   249 |   142 ||   557
       Freezing Cloud    |       |       |       |       |    17 |    67 |    18 ||   102
       Passage of Golubr |       |       |       |       |    10 |     2 |     2 ||    14
       Swiftness         |       |       |       |       |     3 |     7 |     6 ||    16
       Orb of Destructio |       |       |       |       |     1 |       |       ||     1
       Bolt of Fire      |       |       |       |       |       |    72 |    29 ||   101
       Deflect Missiles  |       |       |       |       |       |     2 |     2 ||     4
       Blink             |       |       |       |       |       |     2 |       ||     2
       Chain Lightning   |       |       |       |       |       |       |    27 ||    27
Evoke: Wand              |       |       |       |       |     3 |    10 |       ||    13
  Use: Scroll            |       |       |     6 |     1 |    10 |    25 |     5 ||    47
       Potion            |       |       |       |     1 |       |     4 |     2 ||     7
 Stab: Sleeping          |       |       |     1 |       |       |       |       ||     1
  Eat: Chunk             |     1 |    12 |    17 |    18 |    18 |    15 |    14 ||    95
       Fruit             |       |       |     3 |       |       |    11 |     4 ||    18
       Meat ration       |       |       |       |     1 |     2 |     3 |       ||     6
       Royal jelly       |       |       |       |     1 |     1 |       |       ||     2
       Bread ration      |       |       |       |       |     3 |     2 |     2 ||     7
       Beef jerky        |       |       |       |       |     1 |     1 |     1 ||     3
       Pizza             |       |       |       |       |     1 |     1 |       ||     2
Armor: Robe              |       |    10 |    16 |    35 |       |       |       ||    61
       Leather armour    |       |       |       |       |    21 |    12 |    39 ||    72
       Ring mail         |       |       |       |       |    29 |    29 |       ||    58
Dodge: Dodged            |     5 |    35 |    42 |    58 |    73 |    96 |    70 ||   379
       Deflected         |       |       |       |       |       |    40 |    27 ||    67
Block: Buckler           |       |       |       |       |    31 |    70 |       ||   101
       Shield            |       |       |       |       |       |     6 |    81 ||    87
